Map: Newkirk Precinct TE (Void)

Players

TurnT

  • Race: Protoss Protoss
  • League: Platinum
  • Spawn Location: 7:00

BlueDragon - Winner!

  • Race: Protoss Protoss
  • League: Silver
  • Spawn Location: 5:00

VOD

https://www.youtube.com/watch?v=pRnckNGDagY?sub_confirmation=1

Description

PvP Combat Army with Carrier

Time

  • Played on: March 26, 2017, 10:54 a.m.
  • Length: 15:15
Show
View Real Time Build Order
Export as new Build Order

TurnT Protoss 

Build Orders:  

Get SALT Encoding   

  12  0:01  Probe (Chrono Boost)  
  13  0:12  Probe (Chrono Boost)  
  14  0:19  Pylon  
  14  0:22  Probe (Chrono Boost)  
  15  0:37  Probe (Chrono Boost)  
  16  0:47  Probe (Chrono Boost)  
  17  1:00  Probe (Chrono Boost)  
  17  1:04  Assimilator  
  18  1:10  Assimilator  
  18  1:17  Nexus  
  18  1:28  Probe (Chrono Boost)  
  19  1:38  Probe (Chrono Boost)  
  19  1:39  Gateway  
  20  1:49  Probe (Chrono Boost)  
  20  1:53  Assimilator  
  21  1:58  Pylon  
  21  1:59  Assimilator  
  21  2:00  Probe (Chrono Boost)  
  14  2:17  Probe (Chrono Boost)  
  15  2:34  Cybernetics Core  
  15  2:39  Probe (Chrono Boost)  
  16  2:54  Pylon  
  17  2:58  Probe (Chrono Boost)  
  17  2:59  Probe (Chrono Boost)  
  18  3:06  Warp Gate  
  18  3:09  Probe (Chrono Boost)  
  18  3:12  Probe (Chrono Boost)  
  20  3:20  Probe (Chrono Boost)  
  20  3:23  Probe (Chrono Boost)  
  22  3:31  Probe (Chrono Boost)  
  23  3:36  Probe (Chrono Boost)  
  24  3:43  Probe (Chrono Boost)  
  24  3:46  Probe (Chrono Boost)  
  24  3:47  Stargate  
  26  3:55  Probe (Chrono Boost)  
  27  3:57  Probe (Chrono Boost)  
  28  4:07  Probe (Chrono Boost)  
  28  4:08  Probe (Chrono Boost)  
  28  4:09  Assimilator  
  30  4:13  Assimilator  
  30  4:18  Probe (Chrono Boost)  
  30  4:19  Probe (Chrono Boost)  
  32  4:33  Stargate  
  32  4:38  Probe (Chrono Boost)  
  34  4:39  Probe (Chrono Boost)  
  34  4:45  Nexus  
  34  4:48  Pylon  
  34  4:51  Probe (Chrono Boost), Assimilator  
  34  4:52  Probe (Chrono Boost)  
  36  4:53  Protoss Air Weapons Level 1  
  36  4:56  Assimilator  
  36  5:02  Probe (Chrono Boost)  
  36  5:04  Probe (Chrono Boost)  
  38  5:13  Probe (Chrono Boost)  
  39  5:17  Probe (Chrono Boost)  
  40  5:24  Probe (Chrono Boost)  
  42  5:29  Probe (Chrono Boost)  
  42  5:34  Fleet Beacon, Probe (Chrono Boost)  
  43  5:41  Probe (Chrono Boost)  
  44  5:45  Probe (Chrono Boost)  
  45  5:50  Gateway  
  45  5:53  Gateway  
  45  5:55  Pylon  
  46  5:58  Probe x2 (Chrono Boost)  
  46  5:59  Probe (Chrono Boost)  
  46  6:00  Oracle  
  51  6:11  Probe (Chrono Boost)  
  54  6:12  Probe x2 (Chrono Boost), Oracle  
  57  6:21  Probe (Chrono Boost)  
  57  6:24  Probe x2 (Chrono Boost)  
  60  6:30  Adept  
  60  6:31  Nexus  
  60  6:32  Probe (Chrono Boost), Pylon  
  61  6:47  Adept  
  61  6:50  Adept x2  
  67  6:56  Carrier  
  67  7:00  Probe (Chrono Boost)  
  67  7:01  Probe (Chrono Boost)  
  70  7:02  Probe (Chrono Boost)  
  76  7:10  Probe (Chrono Boost)  
  76  7:14  Assimilator  
  78  7:17  Probe (Chrono Boost)  
  78  7:18  Probe (Chrono Boost)  
  78  7:20  Assimilator  
  78  7:21  Probe (Chrono Boost)  
  80  7:24  Pylon  
  80  7:25  Pylon  
  80  7:29  Probe (Chrono Boost), Pylon  
  82  7:30  Probe (Chrono Boost)  
  82  7:31  Carrier, Probe (Chrono Boost)  
  83  7:41  Probe (Chrono Boost)  
  83  7:42  Probe (Chrono Boost)  
  83  7:43  Stargate  
  91  7:47  Pylon  
  91  7:49  Stargate, Pylon  
  91  7:52  Pylon  
  91  7:53  Graviton Catapult  
  91  8:07  Probe (Chrono Boost)  
  91  8:08  Probe (Chrono Boost)  
  91  8:09  Probe x2 (Chrono Boost)  
  95  8:15  Gateway  
  95  8:17  Gateway  
  96  8:20  Gateway  
  96  8:21  Probe (Chrono Boost)  
  96  8:22  Gateway  
  96  8:24  Gateway  
  96  8:27  Carrier, Gateway  
  96  8:29  Gateway  
  96  8:31  Gateway  
  96  8:34  Carrier  
  102  8:38  Probe x2 (Chrono Boost)  
  102  8:39  Probe (Chrono Boost)  
  102  8:40  Probe (Chrono Boost)  
  112  8:42  Twilight Council  
  106  8:48  Probe (Chrono Boost)  
  106  8:51  Probe (Chrono Boost)  
  106  8:54  Protoss Air Weapons Level 2  
  92  9:17  Carrier  
  88  9:25  Zealot x3  
  88  9:29  Carrier  
  103  9:48  Probe x2 (Chrono Boost), Assimilator  
  103  9:49  Probe (Chrono Boost)  
  103  9:50  Probe (Chrono Boost)  
  107  9:56  Zealot x7  
  107  9:57  Zealot  
  107  9:58  Zealot, Probe (Chrono Boost)  
  107  9:59  Probe (Chrono Boost)  
  128  10:01  Probe (Chrono Boost)  
  128  10:02  Probe (Chrono Boost)  
  128  10:05  Carrier  
  135  10:09  Probe (Chrono Boost)  
  135  10:13  Probe (Chrono Boost)  
  111  10:36  Oracle  
  109  10:56  Forge  
  99  11:01  Oracle  
  85  11:10  Pylon  
  78  11:12  Pylon  
  78  11:14  Pylon  
  74  11:55  Zealot x8  
  89  12:04  Probe x2 (Chrono Boost)  
  89  12:05  Probe (Chrono Boost)  
  74  12:14  Probe (Chrono Boost)  
  75  12:17  Probe (Chrono Boost)  
  76  12:28  Forge  
  76  12:36  Zealot x7  
  90  12:43  Probe x2 (Chrono Boost), Pylon  
  93  12:44  Probe (Chrono Boost)  
  90  12:53  Probe (Chrono Boost)  
  90  12:56  Probe (Chrono Boost)  
  77  13:11  Photon Cannon  
  76  13:27  Photon Cannon  
Show
View Real Time Build Order
Export as new Build Order

BlueDragon Protoss - Winner!

Build Orders: Cannon Rush 

Get SALT Encoding   

  12  0:03  Probe (Chrono Boost)  
  13  0:13  Probe (Chrono Boost)  
  14  0:22  Pylon  
  14  0:26  Probe (Chrono Boost)  
  15  0:40  Probe (Chrono Boost)  
  15  0:42  Forge  
  16  0:50  Probe (Chrono Boost)  
  17  1:12  Pylon  
  17  1:38  Photon Cannon  
  17  1:39  Photon Cannon  
  18  1:40  Probe (Chrono Boost)  
  17  1:54  Photon Cannon  
  17  1:55  Pylon  
  16  2:20  Photon Cannon  
  16  2:23  Pylon  
  16  2:43  Photon Cannon  
  16  2:53  Probe (Chrono Boost)  
  17  2:59  Gateway  
  17  3:01  Gateway  
  17  3:04  Probe (Chrono Boost)  
  18  3:23  Pylon  
  18  3:25  Probe (Chrono Boost)  
  19  3:33  Assimilator  
  19  3:36  Probe (Chrono Boost)  
  20  3:43  Photon Cannon  
  20  3:47  Probe (Chrono Boost)  
  21  3:57  Probe (Chrono Boost)  
  22  4:03  Assimilator  
  22  4:08  Probe (Chrono Boost)  
  23  4:12  Gateway  
  23  4:18  Probe (Chrono Boost)  
  24  4:25  Gateway  
  24  4:26  Gateway  
  24  4:29  Probe (Chrono Boost)  
  25  4:39  Probe (Chrono Boost)  
  26  4:50  Probe (Chrono Boost)  
  27  4:53  Nexus  
  27  5:00  Probe (Chrono Boost)  
  27  5:06  Cybernetics Core  
  28  5:07  Zealot  
  28  5:11  Probe (Chrono Boost)  
  31  5:21  Probe (Chrono Boost)  
  32  5:31  Warp Gate  
  32  5:32  Probe (Chrono Boost)  
  34  5:43  Probe (Chrono Boost)  
  34  5:46  Twilight Council  
  34  5:55  Probe (Chrono Boost)  
  34  5:56  Assimilator  
  35  6:00  Assimilator  
  35  6:03  Protoss Ground Weapons Level 1  
  35  6:08  Probe (Chrono Boost)  
  36  6:13  Probe (Chrono Boost)  
  38  6:20  Probe (Chrono Boost)  
  38  6:24  Probe (Chrono Boost)  
  39  6:28  Charge  
  39  6:32  Probe (Chrono Boost)  
  40  6:35  Probe (Chrono Boost)  
  41  6:44  Probe (Chrono Boost)  
  43  6:47  Probe (Chrono Boost)  
  43  6:56  Probe (Chrono Boost)  
  43  7:00  Pylon  
  42  7:04  Pylon  
  42  7:08  Photon Cannon  
  44  7:17  Probe x2 (Chrono Boost)  
  44  7:29  Probe x2 (Chrono Boost)  
  46  7:32  Nexus  
  46  7:34  Pylon  
  46  7:35  Pylon  
  46  7:40  Pylon  
  46  7:41  Probe x2 (Chrono Boost)  
  48  7:48  Gateway  
  48  7:50  Gateway  
  48  7:52  Zealot, Gateway  
  48  7:54  Zealot  
  52  8:13  Zealot x3, Dark Shrine  
  60  8:35  Probe x2 (Chrono Boost)  
  60  8:37  Zealot  
  60  8:38  Zealot x3  
  68  8:47  Probe x2 (Chrono Boost)  
  60  9:06  Zealot x2  
  60  9:07  Zealot x3  
  56  9:45  Dark Templar x3  
  54  9:46  Dark Templar x5  
  67  10:23  Dark Templar x3  
  67  10:24  Dark Templar x5  
  83  11:05  Zealot x4  
  83  11:06  Zealot x4  
  83  11:46  Dark Templar  
  83  11:47  Dark Templar x6  
  97  12:04  Dark Templar  
  77  12:24  Stargate  
  77  12:27  Stargate  
  77  12:28  Stargate  
  77  12:31  Stargate  
  77  12:34  Assimilator  
  77  12:38  Assimilator  
  77  12:45  Nexus  
  77  13:02  Stalker  
  74  13:16  Dark Templar x2  
  74  13:17  Dark Templar x3  
  74  13:26  Void Ray  
  69  13:57  Void Ray  
  65  14:04  Assimilator  
  65  14:05  Void Ray x2, Assimilator  
  56  14:22  Probe (Chrono Boost)  
  54  15:01  Archon  
Tags
 
Add a new tag
Caveats
  • Supply blocks, unpowered buildings, or Contaminate may cause inaccurate times.
  • Supply counts are checked every 10 seconds.